 Dungeon Crawl Stone Soup version 0.31-a0-185-g9dded2c639 (webtiles) character file.

Game seed: 1871424529197314481

1167 qw the Skirmisher (level 8, 0/41 (45) HPs)
             Began as a Deep Elf Hunter on June 22, 2023.
             Slain by a wight
             ... wielding a +4 spear of freezing
              (3 damage)
             ... in an ossuary.
             The game lasted 00:01:55 (4018 turns).

qw the Skirmisher (Deep Elf Hunter)                 Turns: 4018, Time: 00:01:56

HP:   0/41 (45)     AC:  8    Str: 16    XL:     8   Next: 17%
MP:   10/10         EV: 12    Int: 15    God:
Gold: 269           SH:  0    Dex: 18    Spells: 7/7 levels left

rFire   . . .        Y - +1 shortbow (flame)
rCold   . . .        (shield currently unavailable)
rNeg    . . .        r - +0 ring mail
rPois   .            f - +0 helmet
rElec   .            b - +1 cloak
rCorr   .            (no gloves)
SInv    .            (no boots)
Will    +....        (no amulet)
Stlth   +            d - ring of willpower
HPRegen 0.26/turn    m - +6 ring of strength
MPRegen 0.12/turn

%: no passive effects
@: about to teleport, drained
A: no striking features
a: no special abilities


You were in an ossuary.
You visited 1 branch of the dungeon, and saw 6 of its levels.
You also visited: Ossuary.

You collected 269 gold pieces.


   Skills:
 + Level 2.5 Fighting
 - Level 12.3 Ranged Weapons
 - Level 1.5 Armour
 - Level 4.1 Dodging
 - Level 1.2 Stealth


You had 7 spell levels left.
You didn't know any spells.
Your spell library was empty.

Inventory:

Hand Weapons
 Y - a +1 shortbow of flaming (weapon)
Armour
 b - a +1 cloak (worn)
 f - a +0 helmet (worn)
 o - a +0 leather armour of fire resistance
 r - a +0 ring mail (worn)
Jewellery
 c - a ring of resist corrosion
 d - a ring of willpower (left hand)
 m - a +6 ring of strength (right hand)
Scrolls
 a - 4 scrolls of identify
 j - a scroll of teleportation
 l - a scroll of blinking {unknown}
Potions
 e - a potion of mutation
 g - a potion of enlightenment
 h - 3 potions of might
 i - 2 potions of resistance
 n - a potion of curing
 p - a potion of attraction {unknown}

Dungeon Overview and Level Annotations

Branches:
Dungeon (6/15)            Ossuary (1/1)
 Temple: D:4-7

Altars:
Ashenzari
Fedhas
Kikubaaqudgha
Ru
Vehumet
Xom

Annotations:
Ossuary exclusion: wight


Message History

The flying skull gives a hideous shriek!
You open the door.
There is an open door here.
Found a scroll of amnesia and a potion of lignification.
Found a scroll of revelation.
j - a scroll of teleportation
a - 4 scrolls of identify (gained 1)
k - a scroll labelled SUM YGISCHALICH
j - 2 scrolls of teleportation (gained 1)
i - 2 potions of resistance (gained 1)
l - a scroll labelled WUOFISA MEAG The flying skull gives a hideous shriek!
You open the door.
A wight comes into view. It is wielding a +4 spear of freezing.
You shoot an arrow.
The arrow hits the wight but does no damage.
The wight hits you from afar with a +4 spear of freezing.
The wight freezes you.
You shoot an arrow. The arrow hits the wight.
The wight is lightly damaged.
You shoot an arrow. The arrow hits the wight.
The wight is moderately damaged.
The wight hits you from afar with a +4 spear of freezing!
The wight freezes you.
You shoot an arrow. The arrow hits the wight.
The wight is heavily damaged.
The wight hits you from afar with a +4 spear of freezing!
You feel drained. The wight freezes you.
4017 ||| READING scroll labelled SUM YGISCHALICH.
As you read the scroll labelled SUM YGISCHALICH, it crumbles to dust.
It is a scroll of brand weapon.
Your +1 shortbow is engulfed in flames!
Y - a +1 shortbow of flaming (weapon)
The wight hits you from afar with a +4 spear of freezing!
The wight freezes you.
4018 ||| READING 2 scrolls of teleportation.
As you read the scroll of teleportation, it crumbles to dust.
You feel strangely unstable.
The wight hits you from afar with a +4 spear of freezing.
You feel drained. The wight freezes you.
You die...

############
#@.........
#.'##.###.#
#.#z#.#z#.# #
#.###.###.###.#
#.............#
#.............#
#.###.!.?.###
#.#z#.?...# #
#.###.....###.#


You could see a wight.

Vanquished Creatures
  A wraith (D:6)
  A black bear (D:5)
  2 phantoms (D:5)
  A scorpion (D:6)
  A wight (Ossuary)
  3 hounds
  A jelly (D:5)
  A gnoll bouda (D:4)
  3 sleepcaps
  4 iguanas
  Natasha (twice) (D:3)
  2 orc wizards (D:5)
  Robin (D:4)
  7 adders
  6 gnolls
  A worm (D:4)
  3 dart slugs (D:3)
  11 orcs
  5 endoplasms
  3 giant cockroaches
  18 goblins
  10 hobgoblins
  4 quokkas
  5 ball pythons
  A ball python skeleton (Ossuary)
  2 frilled lizards
  3 hobgoblin skeletons (Ossuary)
  3 hobgoblin zombies (Ossuary)
  A jackal zombie (D:6)
  3 kobolds
  A kobold zombie (Ossuary)
  An orc skeleton (Ossuary)
  An orc zombie (D:6)
  6 rats
118 creatures vanquished.

Notes
Turn   | Place    | Note
-------+----------+-------------------------------------------
     0 | D:1      | qw the Deep Elf Hunter began the quest for the Orb.
     0 | D:1      | Reached XP level 1. HP: 12/12 MP: 3/3
     0 | D:1      | 0 ||| qw: Version: 0.3-a-9-g12657ce
     0 | D:1      | 0 ||| qw: Game counter: 1751
     0 | D:1      | 0 ||| qw: Always use a shield: true
     0 | D:1      | 0 ||| qw: God list: Okawaru
     0 | D:1      | 0 ||| qw: Allow faded altars: false
     0 | D:1      | 0 ||| qw: Do Orc after D:15 true
     0 | D:1      | 0 ||| qw: Do second Lair branch before Depths: true
     0 | D:1      | 0 ||| qw: Lair rune preference: random
     0 | D:1      | 0 ||| qw: Plans: Normal
     0 | D:1      | 0 ||| PLANNING D:1-11
    55 | D:1      | Reached XP level 2. HP: 8/16 MP: 4/4
    56 | D:1      | Reached skill level 6 in Ranged Weapons
   403 | D:1      | 403 ||| READING 2 scrolls labelled KERANUSKID.
   404 | D:1      | 404 ||| READING scroll labelled VOAKUO YGUB.
   405 | D:1      | 405 ||| READING scroll labelled BARRIQEDEU.
   506 | D:1      | 506 ||| READING scroll labelled VONAUPI ACOR.
   507 | D:1      | 507 ||| DRINKING 2 orange potions.
   508 | D:1      | 508 ||| DROPPING scroll of butterflies.
   708 | D:2      | Reached XP level 3. HP: 20/20 MP: 5/5
  1050 | D:2      | 1050 ||| UPGRADING to +0 scale mail.
  1060 | D:2      | 1060 ||| DROPPING +0 leather armour.
  1061 | D:2      | 1061 ||| UPGRADING to +0 ring mail.
  1071 | D:2      | 1071 ||| DROPPING +0 scale mail.
  1072 | D:2      | 1072 ||| UPGRADING to ring of willpower.
  1073 | D:2      | 1073 ||| READING scroll labelled ENWEIZ QAGO.
  1074 | D:2      | 1074 ||| READING 3 scrolls labelled WEXAGUSHRUSK.
  1078 | D:2      | 1078 ||| READING 2 scrolls of identify.
  1078 | D:2      | 1078 ||| IDENTIFYING yellow potion
  1093 | D:3      | You fall into a shaft and drop 1 floor!
  1154 | D:4      | 1154 ||| UPGRADING to +1 cloak.
  1159 | D:4      | 1159 ||| READING scroll labelled GYOMNU QUATA.
  1160 | D:4      | 1160 ||| DRINKING 2 red potions.
  1189 | D:4      | 1189 ||| DROPPING potion of lignification.
  1213 | D:3      | Reached skill level 7 in Ranged Weapons
  1238 | D:3      | 1238 ||| Stepping ~*~*~tactically~*~*~ (outnumbered).
  1243 | D:3      | 1243 ||| Stepping ~*~*~tactically~*~*~ (outnumbered).
  1246 | D:3      | 1246 ||| Stepping ~*~*~tactically~*~*~ (outnumbered).
  1255 | D:3      | HP: 5/20 [gnoll/+0 spear (3)]
  1256 | D:3      | 1256 ||| READING 2 scrolls of teleportation.
  1258 | D:3      | 1258 ||| Stepping ~*~*~tactically~*~*~ (outnumbered).
  1260 | D:3      | Reached XP level 4. HP: 7/25 MP: 6/6
  1261 | D:3      | 1261 ||| FLEEEEING.
  1262 | D:3      | 1262 ||| FLEEEEING.
  1263 | D:3      | 1263 ||| FLEEEEING.
  1264 | D:3      | 1264 ||| FLEEEEING.
  1265 | D:3      | 1265 ||| FLEEEEING.
  1266 | D:3      | 1266 ||| FLEEEEING.
  1267 | D:3      | 1267 ||| FLEEEEING.
  1268 | D:3      | 1268 ||| FLEEEEING.
  1269 | D:3      | 1269 ||| FLEEEEING.
  1270 | D:3      | 1270 ||| FLEEEEING.
  1271 | D:3      | 1271 ||| FLEEEEING.
  1272 | D:3      | 1272 ||| FLEEEEING.
  1273 | D:3      | 1273 ||| STAIRDANCE
  1333 | D:2      | 1333 ||| READING 4 scrolls of identify.
  1333 | D:2      | 1333 ||| IDENTIFYING emerald potion
  1334 | D:2      | 1334 ||| READING 3 scrolls of identify.
  1334 | D:2      | 1334 ||| IDENTIFYING bubbling dark potion
  1335 | D:2      | 1335 ||| READING 2 scrolls of identify.
  1335 | D:2      | 1335 ||| IDENTIFYING sapphire potion
  1336 | D:2      | 1336 ||| DROPPING potion of brilliance.
  1337 | D:2      | 1337 ||| DROPPING potion of invisibility.
  1342 | D:3      | 1342 ||| STAIRDANCE
  1462 | D:3      | Found a blossoming altar of Fedhas.
  1523 | D:3      | Noticed Natasha
  1526 | D:3      | Killed Natasha
  1527 | D:3      | Reached skill level 8 in Ranged Weapons
  1542 | D:3      | Found a sacrificial altar of Ru.
  1613 | D:3      | Noticed Natasha
  1622 | D:3      | Killed Natasha
  1623 | D:3      | Reached XP level 5. HP: 17/29 MP: 7/7
  1738 | D:3      | 1738 ||| READING scroll labelled SADWODEXTO.
  1739 | D:3      | 1739 ||| READING scroll labelled NOLIGA AVUZ.
  1740 | D:3      | 1740 ||| READING 2 scrolls of identify.
  1740 | D:3      | 1740 ||| IDENTIFYING sedimented green potion
  1742 | D:3      | 1742 ||| Stepping ~*~*~tactically~*~*~ (cloud).
  1931 | D:4      | Found an ancient bone altar of Kikubaaqudgha.
  1940 | D:4      | Reached skill level 9 in Ranged Weapons
  2018 | D:4      | Found a broken altar of Ashenzari.
  2026 | D:4      | 2026 ||| Stepping ~*~*~tactically~*~*~ (outnumbered).
  2035 | D:4      | HP: 4/30 [gnoll/+0 halberd[a gnoll bouda] (4)]
  2036 | D:4      | 2036 ||| READING scroll of teleportation.
  2039 | D:4      | Reached XP level 6. HP: 4/35 MP: 8/8
  2310 | D:4      | Found a radiant altar of Vehumet.
  2391 | D:4      | 2391 ||| UPGRADING to ring of resist corrosion.
  2392 | D:4      | 2392 ||| UPGRADING to +6 ring of strength.
  2394 | D:4      | 2394 ||| READING scroll labelled OTINTA VOUSHRAM.
  2395 | D:4      | 2395 ||| READING scroll labelled GIHOIMO LATI EWKO.
  2396 | D:4      | 2396 ||| DRINKING 3 bubbling coppery potions.
  2397 | D:4      | 2397 ||| READING 2 scrolls of identify.
  2397 | D:4      | 2397 ||| IDENTIFYING fuming grey potion
  2398 | D:4      | 2398 ||| DROPPING potion of magic.
  2434 | D:4      | Reached skill level 3 in Dodging
  2567 | D:4      | Noticed Robin
  2579 | D:4      | HP: 7/35 [Robin/+0 spear (3)]
  2580 | D:4      | 2580 ||| READING scroll of teleportation.
  2580 | D:4      | HP: 2/35 [goblin/+0 dagger[Robin] (5)]
  2581 | D:4      | 2581 ||| DRINKING 2 potions of heal wounds.
  2710 | D:4      | Killed Robin
  2727 | D:4      | 2727 ||| UPGRADING to +0 helmet.
  2757 | D:5      | Entered Level 5 of the Dungeon
  2793 | D:5      | Reached skill level 1 in Armour
  2857 | D:5      | Reached skill level 10 in Ranged Weapons
  2858 | D:5      | Found a shimmering altar of Xom.
  2932 | D:5      | Reached XP level 7. HP: 33/40 MP: 9/9
  3038 | D:5      | Reached skill level 11 in Ranged Weapons
  3041 | D:5      | HP: 9/40 [hound (5)]
  3042 | D:5      | 3042 ||| READING scroll of teleportation.
  3043 | D:5      | 3043 ||| DRINKING potion of heal wounds.
  3486 | D:5      | 3486 ||| READING 2 scrolls of identify.
  3486 | D:5      | 3486 ||| IDENTIFYING coppery potion
  3510 | D:6      | 3510 ||| PLANNING OSSUARY
  3538 | D:6      | HP: 10/40 [iguana (4)]
  3539 | D:6      | 3539 ||| DRINKING 2 potions of heal wounds.
  3665 | D:6      | Found a sand-covered staircase.
  3675 | D:6      | Noticed a wraith
  3692 | D:6      | HP: 10/40 [wraith (7)]
  3693 | D:6      | 3693 ||| DRINKING potion of heal wounds.
  3697 | D:6      | HP: 7/40 [wraith (4)]
  3701 | D:6      | Killed a wraith
  3702 | D:6      | Reached skill level 12 in Ranged Weapons
  3702 | D:6      | Reached XP level 8. HP: 8/44 MP: 10/10
  3818 | Ossuary  | Entered an ossuary
  3972 | Ossuary  | Noticed a flying skull
  3985 | Ossuary  | Noticed a flying skull
  4002 | Ossuary  | Noticed a flying skull
  4017 | Ossuary  | 4017 ||| READING scroll labelled SUM YGISCHALICH.
  4017 | Ossuary  | HP: 10/43 [wight/+4 spear of freezing (8)]
  4018 | Ossuary  | 4018 ||| READING 2 scrolls of teleportation.
  4018 | Ossuary  | HP: 4/43 [wight/+4 spear of freezing (5)]
  4018 | Ossuary  | Slain by a wight

Levels and vault maps discovered:
D:1:      minmay_arrival_solitary_statue, layout_rooms
D:2:      layout_loops_ring
D:3:      layout_rooms, fedhas_altar_2, nicolae_ru_awakened_eye, uniq_natasha
D:4:      layout_gridville, nicolae_ashenzari_skybound,
          mainiacjoe_overflow_brackets, mainiacjoe_overflow_24_doors, uniq_robin
D:5:      layout_loops_cross, xom_teletrap_fun
D:6:      layout_basic, lightli_temple_of_fire, enter_ossuary_3,
          kennysheep_opposing_triangles, uniq_eustachio, uniq_blork_the_orc
Ossuary:  ossuary_due_cavern

Skill      XL: |  1  2  3  4  5  6  7 |
---------------+----------------------+-----
Ranged Weapons | 6 7 8 9 10 12 | 12.3
Fighting       | 2 |  2.5
Dodging        | 3 4 |  4.1
Armour         | 1 |  1.5
Stealth        | |  1.2

Action                     |  1- 3 |  4- 6 |  7- 9 || total
---------------------------+-------+-------+-------++-------
   Fire: Shortbow          |   107 |   175 |   159 ||   441
    Use: Scroll            |     9 |    11 |     4 ||    24
         Potion            |     2 |     2 |     3 ||     7
 Armour: Leather armour    |     3 |       |       ||     3
         Ring mail         |    36 |    39 |    23 ||    98
  Dodge: Dodged            |    61 |    73 |    42 ||   176

Table legend:
 A = Non-vault XP
 B = Vault XP
 C = Vault XP percentage of total XP
 D = Non-vault monster count
 E = Vault monster count
 F = Vault count percentage of total count
                 A         B        C        D         E       F
            +---------+---------+-------+---------+---------+-------
      Total |    1509 |     159 |   9.5 |      92 |      26 |  22.0
            +---------+---------+-------+---------+---------+-------
        D:1 |      27 |       0 |   0.0 |      18 |       0 |   0.0
        D:2 |      15 |       0 |   0.0 |       8 |       0 |   0.0
        D:3 |     123 |      35 |  22.2 |      18 |       1 |   5.3
        D:4 |     244 |      41 |  14.4 |      20 |      13 |  39.4
        D:5 |     722 |       0 |   0.0 |      24 |       0 |   0.0
        D:6 |     378 |       2 |   0.5 |       4 |       2 |  33.3
    Ossuary |       0 |      81 | 100.0 |       0 |      10 | 100.0
            +---------+---------+-------+---------+---------+-------
